 Dungeon Crawl Stone Soup version 0.30-b1-2-g02819fbbbe (webtiles) character file.

Game seed: 15806363237431585808

24484 Arum the Fighter (level 13, -4/113 HPs)
             Began as a Formicid Fighter on May 11, 2023.
             Was a High Priest of the Shining One.
             Slain by a titanic slime creature (54 damage)
             ... on level 13 of the Dungeon.
             The game lasted 00:20:28 (11934 turns).

Arum the Fighter (Formicid Fighter)                Turns: 11934, Time: 00:20:28

Health: -4/113     AC: 15    Str: 25    XL:     13   Next: 43%
Magic:  13/13      EV: 12    Int:  9    God:    the Shining One [*****.]
Gold:   610        SH:  6    Dex: 13    Spells: 12/12 levels left

rFire   + + .        a - +1 quarterstaff (heavy)
rCold   x . .        c - +0 buckler
rNeg    + + .        k - +0 fire dragon scales
rPois   +            (helmet unavailable)
rElec   .            A - +0 cloak
rCorr   .            J - +0 pair of gloves
SInv    +            (no boots)
Will    +....        l - amulet of regeneration Stlth
                     w - +4 ring of slaying
HPRegen 1.18/turn    y - ring of poison resistance
MPRegen 0.13/turn

%: no passive effects
@: glowing
A: permanent stasis, dig shafts and tunnels, antennae 3, four strong arms
a: Dig, Shaft Self, Renounce Religion, Divine Shield, Cleansing Flame, Summon
Divine Warrior


You were on level 13 of the Dungeon.
You worshipped the Shining One.
The Shining One was extremely pleased with you.
You visited 1 branch of the dungeon, and saw 13 of its levels.
You also visited: Sewer and Ossuary.

You collected 666 gold pieces.
You spent 56 gold pieces at shops.

Inventory:

Hand Weapons
 a - a +1 heavy quarterstaff (weapon)
Missiles
 n - 5 throwing nets
 B - 5 javelins
Armour
 b - a +0 scale mail
 c - a +0 buckler (worn)
 k - +0 fire dragon scales (worn)
 A - a +0 cloak (worn)
 J - a +0 pair of gloves (worn)
Jewellery
 h - a ring of fire
 l - an amulet of regeneration (around neck)
 o - a ring of flight
 p - a +6 ring of dexterity
 t - a +5 ring of evasion
 w - a +4 ring of slaying (left hand)
 y - a ring of poison resistance (right hand)
 G - a +4 ring of protection
Wands
 v - a wand of iceblast (16)
 x - a wand of polymorph (8)
 E - a wand of charming (14)
 F - a wand of acid (5)
Scrolls
 e - 9 scrolls of enchant weapon
 m - 5 scrolls of fear
 q - 4 scrolls of amnesia
 s - 2 scrolls of fog
 H - 2 scrolls of magic mapping
 I - a scroll of immolation
 L - a scroll of enchant armour
Potions
 d - 3 potions of might
 f - 6 potions of curing
 g - 4 potions of mutation
 i - 6 potions of heal wounds
 j - 2 potions of attraction
 r - 3 potions of ambrosia
 u - 3 potions of brilliance
 z - a potion of magic
 C - a potion of haste
 D - 2 potions of flight
 K - 5 potions of cancellation


   Skills:
 + Level 14.1 Fighting
 + Level 12.7 Staves
 + Level 11.3 Armour
 - Level 5.0 Dodging
 - Level 9.0 Shields


You had 12 spell levels left.
You didn't know any spells.
Your spell library contained the following spells:

 Spells                   Type           Power      Damage    Failure   Level
 Shock                    Conj/Air       0%         1d3       71%         1
 Summon Small Mammal      Summ           0%         N/A       71%         1
 Ensorcelled Hibernation  Hex/Ice        0%         N/A       85%         2
 Call Canine Familiar     Summ           0%         N/A       97%         3
 Hailstorm                Conj/Ice       0%         3d3       97%         3
 Inner Flame              Hex/Fire       0%         N/A       97%         3
 Portal Projectile        Hex/Tloc       0%         N/A       97%         3
 Spider Form              Tmut/Pois      0%         N/A       97%         3
 Summon Guardian Golem    Hex/Summ       0%         N/A       97%         3
 Airstrike                Air            0%         2d(0-16)  100%        4
 Anguish                  Hex/Necr       0%         N/A       100%        4
 Ice Form                 Ice/Tmut       0%         N/A       100%        4
 Leda's Liquefaction      Hex/Erth       0%         N/A       100%        4
 Yara's Violent Unravell  Hex/Tmut       0%         3d3       100%        5
 Simulacrum               Ice/Necr       0%         N/A       100%        6
 Enfeeble                 Hex            0%         N/A       100%        7
 Swiftness                Air            Unusable   N/A       N/A         3

Dungeon Overview and Level Annotations

Branches:
Dungeon (13/15)            Temple (0/1) D:4            Lair (0/5) D:9
    Orc (0/2) D:12          Sewer (visited)         Ossuary (visited)
 Vaults: D:13-14

Altars:
Cheibriados
Dithmenos
Fedhas
Kikubaaqudgha
Ru
Wu Jian
Zin
The Shining One

Shops:
D:6 *   D:9 :

Annotations:
D:3 3 runed translucent doors, CoolSool's ghost, amateur GrEE; ioannis32's ghost, amateur DsBe; kthxbai's ghost, amateur TeAE; zkyp's ghost, amateur MiDe
D:6 2 transporters, night's ghost, novice DsGl
D:11 2 transporters, Pupilyir's ghost, journeyman MiBe


Innate Abilities, Weirdness & Mutations

You cannot be hasted, slowed, berserked, paralysed or teleported.
You can dig through walls and to a lower floor.
You have a pair of large antennae on your head. (SInv)
Your four strong arms can wield two-handed weapons with a shield.


Message History

You hit the slime creature.
The slime creature is moderately wounded.
The slime creature completely misses you.
You thump the slime creature!
The slime creature is heavily wounded.
The slime creature hits you but does no damage.
You bludgeon the slime creature!!
The slime creature is severely wounded.
The slime creature hits you. The slime creature hits you!
You bludgeon the slime creature!!
You kill the slime creature!
The titanic slime creature attacks as you move away!
The titanic slime creature hits you!!!!
Ouch! That really hurt!
* * * LOW HITPOINT WARNING * * *
You hear a horrible gurgling sound!
The titanic slime creature attacks as you move away!
The titanic slime creature hits you!!! The Shining One protects you from harm!
You block the large slime creature's attack.
The titanic slime creature attacks as you move away!
The titanic slime creature hits you but does no damage.
The titanic slime creature attacks as you move away!
The titanic slime creature barely misses you.
The titanic slime creature attacks as you move away!
You block the titanic slime creature's attack.
The titanic slime creature attacks as you move away!
The titanic slime creature hits you.
The titanic slime creature attacks as you move away!
The titanic slime creature barely misses you.
You see here a +0 scale mail.
The titanic slime creature attacks as you move away!
The titanic slime creature hits you.
The titanic slime creature attacks as you move away!
The titanic slime creature misses you.
The titanic slime creature attacks as you move away!
The titanic slime creature completely misses you.
The titanic slime creature attacks as you move away!
The titanic slime creature hits you!!!
You die...

#.####.# ###......# .......#
#...###### # # .......#
#.#.....####.# #..
.......#######.#.###.#... ..
..........#.<#.#.###.#.####.#
...........[............>...#
#.#.....#J#....#..##.#.#.######..
#.#.....#.######..#..#...........
#.......#.######@.##.#.#.#..####.
........+...JJ.J.................
###.....#.##.........#.#...#####.
#.....#.##.######.#..#.........
#.....#.##........##.#.##.###.(
#.....#.##..########.#.##..# #
##.####.....# #.#.###.#
####.....####.# #.#.....#
#.)'.....# .# ........##.#


You could see a titanic slime creature and 2 slime creatures.

Vanquished Creatures
  A boulder beetle (D:12)
  5 two-headed ogres
  Pikel (D:8)
  An ugly thing (D:13)
  3 cyclopes
  4 gargoyles (D:7)
  6 kobold demonologists
  2 komodo dragons
  2 trolls
  2 hornets
  4 slime creatures
  2 wraiths
  A wyvern (D:7)
  A steam dragon (D:9)
  38 yaks
  2 basilisks
  4 vampire mosquitoes (D:8)
  2 acid dragons
  6 water moccasins
  Duvessa (D:5)
  Edmund (D:5)
  A black bear (D:4)
  2 orc warriors (D:9)
  2 ogres
  A wolf (D:7)
  12 centaurs
  2 phantoms
  4 kobold brigands
  4 bullfrogs
  3 gnoll sergeants
  A wyvern zombie (Ossuary)
  6 scorpions
  A water moccasin zombie (Ossuary)
  12 wights
  Dowan (D:5)
  16 killer bees
  2 howler monkeys
  An electric eel (D:7)
  3 jellies
  9 bullfrog zombies (Ossuary)
  5 centaur zombies (Ossuary)
  8 hounds
  Crazy Yiuf (D:4)
  2 orc priests
  2 gnoll boudas (D:7)
  6 iguanas
  3 orc wizards
  13 mummies (Ossuary)
  A killer bee zombie (Ossuary)
  2 howler monkey zombies (Ossuary)
  11 adders
  31 gnolls
  2 river rats (Sewer)
  3 ufetubi
  3 worms
  2 dart slugs
  20 orcs
  4 bats
  4 endoplasms
  9 giant cockroaches
  2 goblins
  6 hobgoblins
  19 jackals
  2 quokkas
  17 ball pythons
  6 frilled lizards
  16 kobolds
  11 rats
383 creatures vanquished.

Vanquished Creatures (collateral kills)
  A gargoyle (D:7)
1 creature vanquished.

Vanquished Creatures (others)
  2 fungi (D:9)
  15 plants (Sewer)
  8 withered plants
25 creatures vanquished.

Grand Total: 409 creatures vanquished

Notes
Turn   | Place    | Note
-------+----------+-------------------------------------------
     0 | D:1      | Arum the Formicid Fighter began the quest for the Orb.
     0 | D:1      | Reached XP level 1. HP: 18/18 MP: 1/1
    97 | D:1      | Reached XP level 2. HP: 18/24 MP: 2/2
   182 | D:1      | Found a faded altar of an unknown god.
   238 | D:1      | Prayed at the altar of an unknown god.
   238 | D:1      | Became a worshipper of the Shining One
   238 | D:1      | Reached * piety under the Shining One
   455 | D:1      | Reached XP level 3. HP: 29/30 MP: 3/3
  1601 | D:3      | Reached skill level 4 in Fighting
  1601 | D:3      | Reached XP level 4. HP: 37/37 MP: 4/4
  1824 | D:3      | Reached XP level 5. HP: 41/42 MP: 5/5
  1907 | D:3      | Found a runed translucent gate.
  1907 | D:3      | Found a runed translucent gate.
  1907 | D:3      | Found a runed translucent gate.
  1909 | D:3      | Noticed CoolSool's ghost (amateur GrEE)
  1909 | D:3      | Noticed ioannis32's ghost (amateur DsBe)
  1910 | D:3      | Noticed kthxbai's ghost (amateur TeAE)
  1910 | D:3      | Noticed zkyp's ghost (amateur MiDe)
  2059 | D:3      | Found a snail-covered altar of Cheibriados.
  2068 | D:3      | Found a blossoming altar of Fedhas.
  2530 | D:4      | Reached XP level 6. HP: 48/50 MP: 6/6
  2576 | D:4      | Found a sacrificial altar of Ru.
  2640 | D:4      | Reached ** piety under the Shining One
  2642 | D:4      | Noticed a black bear
  2652 | D:4      | Killed a black bear
  2653 | D:4      | Reached skill level 5 in Fighting
  2653 | D:4      | Reached skill level 5 in Armour
  2739 | D:4      | Found a staircase to the Ecumenical Temple.
  2923 | D:4      | Identified the +0 long sword of Past Mistakes {flame,
                  | *Corrode rF- Int+5 SInv}
  3045 | D:4      | Found a runed translucent door.
  3046 | D:4      | Noticed Crazy Yiuf
  3052 | D:4      | Killed Crazy Yiuf
  3053 | D:4      | Reached XP level 7. HP: 56/56 MP: 7/7
  3100 | D:5      | Entered Level 5 of the Dungeon
  3115 | D:5      | Noticed Edmund
  3125 | D:5      | Killed Edmund
  3126 | D:5      | Reached skill level 5 in Shields
  3225 | D:5      | Reached skill level 6 in Fighting
  3232 | D:5      | Reached skill level 5 in Staves
  3284 | D:5      | Noticed Dowan
  3285 | D:5      | Noticed Duvessa
  3294 | D:5      | Killed Duvessa
  3295 | D:5      | Reached XP level 8. HP: 37/65 MP: 8/8
  3316 | D:5      | Killed Dowan
  3389 | D:5      | Found a sand-covered staircase.
  3407 | Ossuary  | Entered an ossuary
  3525 | Ossuary  | Reached *** piety under the Shining One
  3537 | Ossuary  | Reached skill level 7 in Fighting
  3592 | Ossuary  | Reached **** piety under the Shining One
  3594 | Ossuary  | Reached XP level 9. HP: 72/72 MP: 9/9
  3800 | D:5      | Reached skill level 8 in Fighting
  3805 | D:5      | Reached ***** piety under the Shining One
  4745 | D:6      | Noticed a troll
  4747 | D:6      | Noticed night's ghost (novice DsGl)
  4754 | D:6      | Found a transporter.
  4760 | D:6      | Found a glowing drain.
  4789 | D:6      | Reached skill level 9 in Fighting
  4793 | D:6      | Reached XP level 10. HP: 42/83 MP: 10/10
  4814 | Sewer    | Entered a sewer
  5481 | D:6      | Found Reunlona's General Store.
  5485 | D:6      | Bought 2 scrolls of identify for 56 gold pieces
  5611 | D:6      | Found a transporter.
  5664 | D:6      | Found an ornate altar of the Wu Jian Council.
  5774 | D:6      | Found an ancient bone altar of Kikubaaqudgha.
  6172 | D:7      | Reached skill level 10 in Fighting
  6350 | D:7      | Noticed a gargoyle
  6352 | D:7      | Killed a gargoyle
  6432 | D:7      | Noticed a gargoyle
  6433 | D:7      | Killed a gargoyle
  6434 | D:7      | Reached skill level 1 in Dodging
  6440 | D:7      | Noticed a gargoyle
  6441 | D:7      | Killed a gargoyle
  6445 | D:7      | Noticed a gargoyle
  6446 | D:7      | Killed a gargoyle
  6453 | D:7      | Noticed a gargoyle
  6455 | D:7      | Killed a gargoyle
  6514 | D:7      | Found a shadowy altar of Dithmenos.
  6514 | D:7      | Found a glowing silver altar of Zin.
  6601 | D:7      | Reached XP level 11. HP: 64/92 MP: 11/11
  7071 | D:7      | Noticed a two-headed ogre
  7079 | D:7      | Killed a two-headed ogre
  7080 | D:7      | Reached skill level 11 in Fighting
  7297 | D:7      | Reached skill level 10 in Staves
  7462 | D:8      | Noticed a cyclops
  7476 | D:8      | Killed a cyclops
  7504 | D:8      | Noticed Pikel
  7518 | D:8      | Killed Pikel
  7592 | D:8      | Reached ****** piety under the Shining One
  7852 | D:8      | Noticed a two-headed ogre
  7860 | D:8      | Killed a two-headed ogre
  7925 | D:8      | Noticed a two-headed ogre
  7931 | D:8      | Killed a two-headed ogre
  8064 | D:8      | Noticed a cyclops
  8089 | D:8      | Killed a cyclops
  8258 | D:8      | Reached skill level 5 in Dodging
  8287 | D:8      | Reached XP level 12. HP: 95/102 MP: 12/12
  8291 | D:8      | Reached skill level 12 in Fighting
  8757 | D:9      | Found a staircase to the Lair.
  8781 | D:9      | Noticed a two-headed ogre
  8789 | D:9      | Killed a two-headed ogre
  9239 | D:9      | Found Puemmoimn's Book Shop.
  9360 | D:10     | Entered Level 10 of the Dungeon
  9403 | D:10     | Noticed a two-headed ogre
  9411 | D:10     | Killed a two-headed ogre
  9720 | D:10     | Reached skill level 13 in Fighting
  9919 | D:10     | Reached skill level 10 in Armour
 10288 | D:11     | Found a transporter.
 10303 | D:11     | Noticed Pupilyir's ghost (journeyman MiBe)
 10381 | D:11     | Reached XP level 13. HP: 101/111 MP: 13/13
 10477 | D:11     | Found a transporter.
 11093 | D:12     | Found a staircase to the Orcish Mines.
 11413 | D:12     | Reached skill level 14 in Fighting
 11910 | D:13     | The Shining One protects you from harm!
 11934 | D:13     | Slain by a titanic slime creature

Illustrated notes

Levels and vault maps discovered:
D:1:      nicolae_arrival_somewhat_less_tricky_arrival, layout_rooms,
          serial_forest, infiniplex_forest_lined_corner,
          infiniplex_forest_lined_room_, infiniplex_forest_clump_tiny,
          infiniplex_forest_lined_3_way, infiniplex_forest_clump_small,
          infiniplex_forest_3_way, infiniplex_forest_clump_medium,
          hellmonk_ecumenical_altar_crossroads
D:2:      layout_basic
D:3:      layout_loops_ring, mainiacjoe_overflow_swirl, gammafunk_ghost_cemetery
D:4:      layout_loops_ring, nicolae_ru_the_path_less_chosen,
          minmay_temple_entry_junction, uniq_crazy_yiuf_cottage
D:5:      layout_basic, nicolae_ossuary_entry_monument, kennysheep_cross_room,
          uniq_edmund, uniq_duvessa
D:6:      layout_loops_ring, nzn_wu_jian_contemplation,
          kiku_gazebo_garden_becter, gammafunk_ghost_arena,
          gup_sewer_entry_glass, serial_shops, shop
D:7:      cheibrodos_statue_roulette, layout_cave_pools,
          nicolae_overflow_two_pavilions, serial_gnoll_camp,
          gnoll_camp_mini_doghouse, gnoll_camp_mini_basic, gnoll_camp_medium_02,
          gnoll_camp_mini_loothouse, corexii_hall_statues_x,
          nicolae_lava_and_water
D:8:      layout_basic, centaur_isle, uniq_pikel
D:9:      layout_long_grid, grunt_lair_entry_orc_guard_hut, serial_shops,
          nicolae_shop_behind_doors
D:10:     layout_basic, hangedman_abyss_or_decor_clamps
D:11:     layout_basic, gammafunk_ghost_stat_death
D:12:     layout_irregular_city, david_orc_2
D:13:     layout_basic, skrybe_limestone_x

Skill      XL: |  1  2  3  4  5  6  7  8  9 10 11 12 13 |
---------------+----------------------------------------+-----
Fighting       | 4 5 6 7 9 10 11 13 14 | 14.1
Armour         | 4 5 6 8 10 11 | 11.3
Staves         | 3 4 5 6 7 9 10 12 | 12.7
Shields        | 5 7 9 |  9.0
Dodging        | 2 5 |  5.0

Action                     |  1- 3 |  4- 6 |  7- 9 | 10-12 | 13-15 || total
---------------------------+-------+-------+-------+-------+-------++-------
  Melee: Quarterstaff      |    65 |   126 |   171 |   447 |   123 ||   932
Ability: Dig               |     2 |     5 |       |     2 |       ||     9
  Evoke: Wand              |       |       |       |    28 |       ||    28
    Use: Scroll            |       |       |    11 |    12 |     2 ||    25
 Armour: Scale mail        |     8 |       |       |       |       ||     8
         Fire dragon scale |    20 |    55 |    94 |   173 |    64 ||   406
  Dodge: Dodged            |    26 |    48 |    89 |   242 |    67 ||   472
  Block: Buckler           |    17 |    26 |    70 |   151 |    45 ||   309
